 Dungeon Crawl Stone Soup version 0.13.0-21-ge43020b (webtiles) character file.

29 Bloax the Ruffian (level 1, -1/19 HPs)
             Began as a Troll Transmuter on Oct 26, 2013.
             Slain by a hobgoblin (3 damage)
             ... on Level 1 of the Dungeon.
             The game lasted 00:00:31 (90 turns).

Bloax the Ruffian (Troll Transmuter)                  Turns: 90, Time: 00:00:31

HP  -1/19        AC  5     Str 17      XL: 1   Next: 16%
MP   1/1         EV  9     Int  9      God:
Gold 28          SH  0     Dex 10      Spells:  1 memorised,  1 level left

Res.Fire  : . . .   See Invis. : .     - Unarmed
Res.Cold  : . . .   Warding    : .   c - +0 robe
Life Prot.: . . .   Conserve   : .   (shield restricted)
Res.Poison: .       Res.Corr.  : .   (helmet restricted)
Res.Elec. : .       Clarity    : .   (no cloak)
Sust.Abil.: . .     Spirit.Shd : .   (gloves unavailable)
Res.Mut.  : .       Stasis     : .   (boots unavailable)
Res.Rott. : .       Flight     : .   (no amulet)
Gourmand  : +                        (no ring)
                                     (no ring)

@: not resistant to hostile enchantments, unstealthy
A: unfitting armour, claws 3, fast metabolism 3, gourmand, regeneration 2,
saprovore 2, tough skin 2, AC +1
a: no special abilities


You were on level 1 of the Dungeon.
You were not hungry.

You visited 1 branch of the dungeon, and saw 1 of its levels.

You collected 8 gold pieces.


Innate Abilities, Weirdness & Mutations

You are too large for most types of armour.
You have claws for hands.
Your metabolism is lightning-fast.
You like to eat raw meat.
You heal very quickly.
You can eat rotten meat.
You are covered in fur (AC +1).
You have very tough skin (AC +2).


   Skills:
 + Level 0.8 Fighting
 - Level 1.5 Dodging
 + Level 3.0 Unarmed Combat
 - Level 1.2 Spellcasting
 + Level 1.3 Transmutations


You had one spell level left.
You knew the following spells:

 Your Spells              Type           Power        Failure   Level  Hunger
a - Beastly Appendage     Trmt           #.....       21%         1    ##.....


Dungeon Overview and Level Annotations

Branches:
Dungeon (1/27)

Altars:

Inventory:

Missiles
 b - 12 arrows
Armour
 c - a +0 robe (worn)
Comestibles
 a - 2 meat rations
Potions
 e - a potion of restore abilities {unknown}
Books
 d - a book of Changes

   Spells                             Type                      Level
   *Beastly Appendage                 Transmutation                1
   Sticks to Snakes                   Transmutation                2
   Spider Form                        Transmutation/Poison         3
   Ice Form                           Ice/Transmutation            4
   Blade Hands                        Transmutation                5

### ...# #############
... .
............######.###..
............'.(.........
............#.#..........
............#.##@.....#.
............#.##g)....#
............#.........#
............####......#
###########.. #......#
####### ###. #......#
...... #...... .....###
#..... ....... #..


You could see a hobgoblin.


Message History

Welcome, Bloax the Troll Transmuter.
The destiny of this world depends on the Orb of Zot.
Go down and get it!
Found 8 gold pieces.
Found two stairs.
You now have 28 gold pieces (gained 8).
You open the door.
There is an open door here.
Found 13 bolts of frost.
Found a fuming blue potion.
A goblin comes into view. It is wielding an orcish club.
The goblin shouts!
You see here a fuming blue potion.
e - a fuming blue potion You claw the goblin!
You kill the goblin!
No target in view!
As you open the door, it creaks loudly!
Found a ring mail.
There is an open door here.
You open the door.
There is an open door here.
You open the door.
There is an open door here.
A kobold comes into view. It is wielding a whip.
The kobold shouts!
The kobold throws a dart.
The dart hits you!
You see here a dart.
A hobgoblin comes into view.
The hobgoblin shouts!
The kobold hits you with a whip.
The hobgoblin hits you but does no damage.
You hit the kobold.
The kobold is severely wounded.
You barely miss the kobold.
The kobold is severely wounded.
The hobgoblin barely misses you. The kobold closely misses you.
You barely miss the kobold.
The kobold is severely wounded.
The hobgoblin hits you. The kobold hits you with a whip.
You closely miss the kobold.
The kobold is severely wounded.
The hobgoblin closely misses you. The kobold hits you with a whip.
Unknown command.
You hit the kobold but do no damage.
The kobold is severely wounded.
The hobgoblin hits you. The kobold hits you with a whip.
* * * LOW HITPOINT WARNING * * *
You hit the kobold.
You kill the kobold!
The hobgoblin hits you but does no damage.
Unknown command.
You closely miss the hobgoblin. The hobgoblin barely misses you.
You barely miss the hobgoblin. The hobgoblin hits you.
* * * LOW HITPOINT WARNING * * *
You barely miss the hobgoblin. The hobgoblin hits you.
You die...

Action                   || total
-------------------------++-------
Melee: Unarmed           ||    10

Vault maps used:
D:1:      dpeg_entry_line_fractal

Notes
Turn   | Place    | Note
--------------------------------------------------------------
     0 | D:1      | Bloax, the Troll Transmuter, began the quest for the Orb.
     0 | D:1      | Reached XP level 1. HP: 19/19 MP: 1/1
    72 | D:1      | Daniel: hey
    79 | D:1      | Bloax: Getting real tired of this shit.
    89 | D:1      | HP: 2/19 [hobgoblin (4)]
    90 | D:1      | Slain by a hobgoblin

Vanquished Creatures
  A goblin (D:1)
  A kobold (D:1)
2 creatures vanquished.
